AoeStats
← no one

Arena

506661544Analyzed
1v1 RM · 18d ago on Sep 14, 2026· 37m 50s· 2 players
Game mode
Random Map
Map size
Tiny (2 player)
Population
200
Speed
Normal
Resources
Standard
Victory
Conquest
Starting age
Dark Age
Ending age
Imperial Age
RankedLock teamsTeams togetherTeam positionsShared explorationLock speedFull tech treeHidden civsTurbo modeCheats
Victory
Defeat
🇦🇷 Inca · Argentina
1610
+14
1561
-14
MLT | El Campeador di Melito
11:08 Feudal Age
12:27 Double-Bit Axe
15:10 Castle Age
13:07 Horse Collar
15:29 Light Cavalry
17:20 Bow Saw
18:56 Light Cavalry
20:27 Loom
25:24 Wheelbarrow
24:35 Town Watch
26:33 Hand Cart
27:47 Heavy Plow
27:38 Stone Mining
27:38 Gold Mining
31:03 Imperial Age
29:04 Crossbowman
29:38 Fletching
29:49 Padded Archer Armor
30:31 Ballistics
30:25 Man-at-Arms
31:06 Squires
31:41 Fortified Wall
31:42 Masonry
31:33 Bodkin Arrow
31:25 Gambesons
31:19 Long Swordsman
31:22 Arbalester
34:01 Scale Mail Armor
35:26 Chain Mail Armor
34:35 Two-Handed Swordsman
36:39 Forging
no one
10:56 Feudal Age
14:30 Castle Age
12:34 Double-Bit Axe
12:44 Horse Collar
13:35 Champi Runner
15:24 Heavy Plow
15:37 Bow Saw
15:54 Squires
20:06 Champi Warrior
21:22 Town Watch
23:41 Wheelbarrow
29:30 Imperial Age
27:17 Hand Cart
26:49 Loom
27:37 Gold Mining
27:38 Stone Mining
27:48 Heavy Plow
28:16 Scale Mail Armor
29:12 Chain Mail Armor
29:54 Arson
29:31 Elite Champi Warrior
31:56 Chemistry
32:01 Plate Mail Armor
34:03 Conscription
34:29 Forging
34:44 Fletching
35:54 Bodkin Arrow
36:35 Bracer
37:11 Iron Casting
36:05 Crossbowman
36:51 Thumb Ring
37:01 Padded Archer Armor
Connection lost

Rejoining the realm…

Still unreachable

The connection could not be restored.

Session expired

The server has moved on; the page needs a fresh start.